 Dungeon Crawl Stone Soup version 0.29.1-1-gd02db6906a (webtiles) character file.

Game seed: 5366937847869432825

43141 groovy9 the Thaumaturge (level 13, -1/142 HPs)
             Began as a Deep Elf Conjurer on Sept 20, 2022.
             Was a High Priest of Vehumet.
             Slain by a very large slime creature (45 damage)
             ... on level 12 of the Dungeon.
             The game lasted 01:32:59 (22162 turns).

groovy9 the Thaumaturge (Deep Elf Conjurer)        Turns: 22162, Time: 01:32:59

Health: -1/142     AC: 26    Str:  4    XL:     13   Next: 89%
Magic:  4/10       EV:  2    Int: 36    God:    Vehumet [*****.]
Gold:   735        SH:  0    Dex: 21    Spells: 10/38 levels left

rFire   . . .      SeeInvis .   q - +8 rapier "Belilesh" {antimagic, rElec rCorr Dex+8}
rCold   + + .      Faith    .   (no shield)
rNeg    . . .      Spirit   .   (body armour currently unavailable)
rPois   +          Reflect  .   (helmet currently unavailable)
rElec   +          Harm     .   (cloak currently unavailable)
rCorr   +          Rampage  .   (gloves currently unavailable)
Will    +....      NoTele   +   (boots currently unavailable)
Stlth   +++.......              E - amulet of magic regeneration
HPRegen 0.33/turn               M - ring "Qifovve" {Ice rElec Int+7}
MPRegen 0.52/turn               n - ring "Xuegaicu" {rF+ rC+ Slay-4 Stlth+}

@: confused, tree-form, ambrosia-drunk
A: stationary, stasis, torment immunity, boosted hp, sense surroundings 1,
robust 1
a: Renounce Religion


You were on level 12 of the Dungeon.
You worshipped Vehumet.
Vehumet was extremely pleased with you.
You were a tree.
You visited 2 branches of the dungeon, and saw 17 of its levels.

You collected 1317 gold pieces.
You spent 582 gold pieces at shops.

Inventory:

Hand Weapons
 q - the +8 rapier "Belilesh" (weapon) {antimagic, rElec rCorr Dex+8}
   (You took it off Erica on level 11 of the Dungeon)

   It reduces the magical energy of the wielder, and disrupts the spells and
   magical abilities of those it strikes.
   Natural abilities and divine invocations are not affected.
   Dex:       It affects your dexterity (+8).
   rElec:     It insulates you from electricity.
   rCorr:     It protects you from acid and corrosion.
Missiles
 j - 7 curare-tipped darts
 r - 5 throwing nets
Armour
 i - a +0 helmet (melded)
 x - a +1 pair of boots (melded)
 A - the +1 leather armour of the Stone Wall (melded) {Fly rC+ MP+9 Dex+4}
   (You found it on level 10 of the Dungeon)

   Dex:       It affects your dexterity (+4).
   rC:        It protects you from cold.
   MP:        It affects your magic capacity (+9).
   Fly:       It grants you flight.
 D - a +2 cloak (melded)
 J - the +1 pair of gloves "Focuol" (melded) {rF+ Dex+4}
   (You found it on level 10 of the Dungeon)

   Dex:       It affects your dexterity (+4).
   rF:        It protects you from fire.
Jewellery
 n - the ring "Xuegaicu" (right branch) {rF+ rC+ Slay-4 Stlth+}
   (You found it on level 4 of the Dungeon)

   [ring of protection from cold]

   Slay:      It affects your accuracy & damage with ranged weapons and melee
   (-4).
   rF:        It protects you from fire.
   rC:        It protects you from cold.
   Stlth:     It makes you more stealthy.
 o - a ring of poison resistance
 w - a ring of resist corrosion
 E - an amulet of magic regeneration (around neck)
 K - a ring of willpower
 M - the ring "Qifovve" (left branch) {Ice rElec Int+7}
   (You bought it in a shop on level 10 of the Dungeon)

   [ring of ice]

   It enhances your ice magic.
   Int:       It affects your intelligence (+7).
   rF:        It makes you vulnerable to fire.
   rC:        It protects you from cold.
   rElec:     It insulates you from electricity.
 P - a ring of positive energy
Wands
 a - a wand of polymorph (11)
 g - a wand of digging (5)
 h - a wand of charming (7)
 t - a wand of quicksilver (22)
 u - a wand of flame (23)
 H - a wand of mindburst (6)
 L - a wand of roots (2)
Scrolls
 f - 4 scrolls of teleportation
 l - 2 scrolls of fog
 s - 5 scrolls of magic mapping
 z - 2 scrolls of blinking
 O - a scroll of immolation
 R - a scroll of enchant weapon
 T - 3 scrolls of brand weapon
 U - 2 scrolls of amnesia
 W - a scroll of noise {unknown}
 Z - a scroll of poison
Potions
 b - a potion of flight
 d - a potion of resistance
 k - 2 potions of haste
 m - 9 potions of curing
 p - a potion of might
 v - 4 potions of brilliance
 C - 2 potions of berserk rage
 F - 2 potions of lignification
 N - a potion of ambrosia
 S - 2 potions of invisibility
 X - a potion of attraction {unknown}
 Y - a potion of magic
Miscellaneous
 e - a phial of floods
 B - a phantom mirror
 Q - a tin of tremorstones (2/2)
 V - a lightning rod (4/4)


   Skills:
 - Level 12.7 Fighting
 - Level 10.0 Dodging
 - Level 10.0 Stealth
 + Level 13.1 Spellcasting
 + Level 10.4 Conjurations
 - Level 10.0 Translocations
 + Level 2.6 Air Magic


You had 10 spell levels left.
You knew the following spells:

 Your Spells              Type           Power      Damage    Failure   Level
a - Magic Dart            Conj           100%       1d8       0%          1
b - Searing Ray           Conj           100%       2d8       1%          2
c - Dazzling Flash        Conj/Hex       100%       N/A       1%          3
d - Iskenderun's Mystic   Conj/Tloc      77%        2d15      1%          4
e - Stone Arrow           Conj/Erth      100%       3d13      1%          3
f - Foxfire               Conj/Fire      100%       2x1d9     1%          1
g - Hailstorm             Conj/Ice       75%        3d15      1%          4
h - Lightning Bolt        Conj/Air       31%        1d48      1%          5
i - Iskenderun's Battles  Conj           78%        2d13      1%          5

Your spell library contained the following spells:

 Spells                   Type           Power      Damage    Failure   Level
 Ozocubu's Refrigeration  Ice            17%        4d11      96%         7
 Sandblast                Erth           46%        2d11      1%          1
 Shock                    Conj/Air       100%       1d9       1%          1
 Blink                    Tloc           100%       N/A       1%          2
 Inner Flame              Hex/Fire       23%        N/A       1%          3
 Lesser Beckoning         Tloc           77%        N/A       1%          3
 Swiftness                Air            42%        N/A       1%          3
 Airstrike                Air            21%        2d(3-19)  1%          4
 Fulminant Prism          Conj/Hex       28%        3d14      1%          4
 Manifold Assault         Tloc           77%        N/A       1%          5
 Passwall                 Tmut/Erth      19%        N/A       2%          2
 Summon Guardian Golem    Hex/Summ       23%        N/A       4%          3
 Olgreb's Toxic Radiance  Pois           23%        N/A       4%          4
 Orb of Destruction       Conj           39%        9d11      5%          7
 Starburst                Conj/Fire      28%        6d9       9%          6
 Summon Lightning Spire   Summ/Air       33%        N/A       10%         4
 Cause Fear               Hex            11%        N/A       17%         4
 Petrify                  Tmut/Erth      23%        N/A       17%         4
 Spellforged Servitor     Conj/Summ      28%        N/A       38%         7
 Alistair's Intoxication  Tmut/Pois      15%        N/A       43%         5
 Borgnjor's Vile Clutch   Necr/Erth      11%        N/A       43%         5
 Metabolic Englaciation   Hex/Ice        17%        N/A       43%         5
 Eringya's Noxious Bog    Tmut/Pois      11%        N/A       52%         6
 Malign Gateway           Summ/Tloc      28%        N/A       88%         7
 Statue Form              Tmut/Erth      15%        N/A       95%         6
 Discord                  Hex            11%        N/A       100%        8
 Summon Horrible Things   Summ           11%        N/A       100%        8


Dungeon Overview and Level Annotations

Branches:
Dungeon (12/15)            Temple (0/1) D:5            Lair (5/5) D:8
  Swamp (0/4) Lair:3        Snake (0/4) Lair:2        Slime (0/5) Lair:4
    Orc: D:9-12

Altars:
Cheibriados
Dithmenos
Elyvilon
Hepliaklqana
Kikubaaqudgha
Makhleb
Nemelex Xobeh
Okawaru
Sif Muna
Trog
Vehumet
Xom
Jiyva

Shops:
D:6 [   D:10 *=[


Innate Abilities, Weirdness & Mutations

You are a tree.
Your roots penetrate the ground, keeping you stationary.
You cannot be teleported.
You are immune to unholy pain and torment.
Your maximum health is greatly increased.
Your equipment is partially melded.
You passively map a small area around you.
You are robust. (+10% HP)


Message History

Your roots penetrate the ground.
The very large slime creature hits you!!
You are confused.
You feel invigorated.
The very large slime creature hits you but does no damage.
The very large slime creature hits you!!
The very large slime creature hits you!!
* * * LOW HITPOINT WARNING * * *
You feel much better.
The very large slime creature hits you!!
* * * LOW HITPOINT WARNING * * *
You feel better.
You feel less invigorated.
The very large slime creature hits you but does no damage.
Casting: Searing Ray (safe; 1% risk of failure)
Confirm with . or Enter, or press ? or * to list all spells.
You erupt in a blast of force!
The mystic blast hits the very large slime creature!
The very large slime creature is severely wounded.
The very large slime creature is knocked back by the mystic blast.
Casting: Iskenderun's Mystic Blast (safe; 1% risk of failure)
Confirm with . or Enter, or press ? or * to list all spells.
Aiming: Stone Arrow (safe; 1% risk of failure)
Press: ? - help, Shift-Dir - straight line, f/p - very large slime creature
Aim: a very large slime creature (severely wounded, 95% to hit)
The stone arrow hits the very large slime creature!!
The very large slime creature is severely wounded.
Casting: Stone Arrow (safe; 1% risk of failure)
Confirm with . or Enter, or press ? or * to list all spells.
You erupt in a blast of force!
The mystic blast hits the very large slime creature!!
The very large slime creature is almost dead.
The very large slime creature is knocked back by the mystic blast.
The very large slime creature slams into the rock wall!
The very large slime creature is almost dead.
Really quaff the potion of lignification?
You are stuck in your current form!
You are confused.
You feel invigorated.
The very large slime creature hits you!!!
You die...

## # * , ,
.#.# * ** ,
.#.# , * ,,
...
.#.#####.#
.........#
*,
#######J##
##♣# ##..#
** + ##..##
#..##
######'#####
#..........#
,
#..........#
.,
#..........#
* ..
#..........#


You could see a very large slime creature.

Vanquished Creatures
  A dire elephant (Lair:1)
  4 boulder beetles
  A catoblepas (Lair:1)
  3 hydras
  4 two-headed ogres
  An ogre mage (D:10)
  Erica (D:11)
  An ugly thing (D:10)
  11 elephants
  The ghost of GigaChad the Fighter, a novice MiFi of Okawaru (D:5)
  3 black mambas
  10 cane toads
  3 gargoyles
  4 rime drakes
  Maggie (D:7)
  5 komodo dragons
  2 trolls
  A queen bee (Lair:2)
  6 hornets
  2 tyrant leeches (Lair:3)
  2 blink frogs (Lair:1)
  3 polar bears
  2 slime creatures (D:12)
  2 dream sheep (Lair:5)
  A vampire (D:11)
  A centaur simulacrum (D:11)
  14 yaks
  15 spriggans (Lair:5)
  2 shadows (D:10)
  A wraith (D:10)
  9 wyverns
  3 vampire mosquitoes (D:11)
  3 basilisks
  2 steam dragons
  2 swamp worms (Lair:3)
  2 nagas (Lair:2)
  An acid dragon (D:11)
  18 water moccasins
  7 black bears
  An ice beast (D:6)
  3 sky beasts
  Duvessa (D:7)
  A hornet zombie (D:7)
  An ogre (D:6)
  25 wolves
  3 boggarts (Lair:5)
  6 centaurs
  3 kobold brigands
  9 bullfrogs
  2 necrophages
  3 scorpions
  A water moccasin zombie (D:7)
  Dowan (D:7)
  13 wights
  20 killer bees
  4 electric eels
  4 howler monkeys
  3 jellies
  7 hounds
  4 centaur zombies (D:7)
  3 orc priests
  A gnoll bouda (D:7)
  Crazy Yiuf (D:6)
  Jessica (D:2)
  8 iguanas
  7 orc wizards
  2 killer bee zombies (D:7)
  Robin (D:2)
  10 gnolls
  13 adders
  2 white imps
  A worm (D:3)
  4 dart slugs
  36 orcs
  7 ball pythons
  7 endoplasms
  5 giant cockroaches
  13 goblins
  8 hobgoblins
  A jackal (D:3)
  2 quokkas
  6 bats
  6 frilled lizards
  16 kobolds
  5 rats
  A spectral goblin (D:6)
437 creatures vanquished.

Vanquished Creatures (others)
  6 foxfires
  27 fungi
  41 plants
  8 toadstools (Lair:1)
  4 withered plants (D:7)
86 creatures vanquished.

Grand Total: 523 creatures vanquished

Notes
Turn   | Place    | Note
-------+----------+-------------------------------------------
     0 | D:1      | groovy9 the Deep Elf Conjurer began the quest for the Orb.
     0 | D:1      | Reached XP level 1. HP: 10/10 MP: 6/6
    40 | D:1      | You fall into a shaft and drop 1 floor!
   378 | D:1      | Reached XP level 2. HP: 15/15 MP: 3/8
   995 | D:1      | Reached skill level 4 in Spellcasting
   995 | D:1      | Reached skill level 5 in Conjurations
   995 | D:1      | Reached XP level 3. HP: 19/19 MP: 3/10
  1247 | D:1      | Learned a level 2 spell: Searing Ray
  1251 | D:1      | Learned a level 3 spell: Dazzling Flash
  1376 | D:2      | Noticed Robin
  1389 | D:2      | Killed Robin
  1518 | D:2      | Reached XP level 4. HP: 24/24 MP: 3/12
  1664 | D:2      | Learned a level 4 spell: Iskenderun's Mystic Blast
  1864 | D:2      | Noticed Jessica
  1866 | D:2      | Killed Jessica
  1867 | D:2      | Reached skill level 5 in Spellcasting
  1869 | D:2      | Reached skill level 1 in Translocations
  2187 | D:3      | Reached XP level 5. HP: 28/28 MP: 8/14
  3351 | D:4      | Identified a scroll of acquirement
  3351 | D:4      | Acquired the Teachings on Battling
  3357 | D:4      | Learned a level 3 spell: Stone Arrow
  3543 | D:4      | Reached XP level 6. HP: 20/32 MP: 5/16
  3695 | D:4      | Reached skill level 6 in Spellcasting
  4213 | D:4      | Identified the ring "Xuegaicu" {rF+ rC+ Slay-4 Stlth+}
  4491 | D:4      | Found an ancient bone altar of Kikubaaqudgha.
  4498 | D:4      | Found a radiant altar of Vehumet.
  4503 | D:4      | Found a burning altar of Makhleb.
  4510 | D:4      | Became a worshipper of Vehumet
  4526 | D:4      | Found a snail-covered altar of Cheibriados.
  4535 | D:4      | Found a white marble altar of Elyvilon.
  4541 | D:4      | Found a sparkling altar of Nemelex Xobeh.
  4549 | D:4      | Found a shadowy altar of Dithmenos.
  4747 | D:5      | Entered Level 5 of the Dungeon
  5064 | D:5      | Reached XP level 7. HP: 36/36 MP: 9/18
  5434 | D:5      | Reached skill level 5 in Translocations
  5492 | D:5      | Reached skill level 7 in Spellcasting
  5589 | D:5      | Found a runed translucent door.
  5637 | D:5      | Noticed GigaChad's ghost (novice MiFi)
  5911 | D:5      | Found a staircase to the Ecumenical Temple.
  6245 | D:6      | Reached XP level 8. HP: 41/41 MP: 12/21
  6584 | D:6      | Reached * piety under Vehumet
  6584 | D:6      | Offered knowledge of Foxfire by Vehumet.
  6587 | D:6      | Learned a level 1 spell: Foxfire
  6723 | D:6      | Found a hazy altar of Hepliaklqana.
  6821 | D:6      | Reached skill level 8 in Spellcasting
  7014 | D:6      | Found a runed translucent door.
  7015 | D:6      | Noticed Crazy Yiuf
  7108 | D:6      | Found a bloodstained altar of Trog.
  7261 | D:6      | Found Tarhunz's Dragon-Slaying Spoils.
  7462 | D:6      | Killed Crazy Yiuf
  7547 | D:7      | Found a shimmering altar of Xom.
  7690 | D:7      | Reached skill level 9 in Spellcasting
  7759 | D:7      | Reached XP level 9. HP: 42/45 MP: 2/24
  8271 | D:7      | Noticed Maggie
  8416 | D:7      | Offered knowledge of Static Discharge by Vehumet.
  8422 | D:7      | Learned a level 4 spell: Hailstorm
  8425 | D:7      | Noticed Dowan
  8458 | D:7      | Reached ** piety under Vehumet
  8461 | D:7      | Killed Dowan
  8592 | D:7      | Noticed Duvessa
  8599 | D:7      | Killed Duvessa
  8600 | D:7      | Reached skill level 10 in Spellcasting
  8745 | D:7      | Killed Maggie
  9327 | D:5      | Killed GigaChad's ghost
  9519 | D:8      | Reached skill level 1 in Fighting
  9519 | D:8      | Reached XP level 10. HP: 37/52 MP: 20/26
  9546 | D:8      | Offered knowledge of Mephitic Cloud by Vehumet.
  9789 | D:8      | Reached *** piety under Vehumet
 10507 | D:8      | Reached skill level 5 in Stealth
 10569 | D:8      | Found a staircase to the Lair.
 10638 | D:8      | Learned a level 5 spell: Lightning Bolt
 10828 | D:8      | Offered knowledge of Olgreb's Toxic Radiance by Vehumet.
 10834 | D:8      | Learned a level 4 spell: Olgreb's Toxic Radiance
 11176 | D:9      | Found an iron altar of Okawaru.
 11240 | D:9      | Reached skill level 5 in Fighting
 11246 | D:9      | Noticed a two-headed ogre
 11251 | D:9      | Noticed a two-headed ogre
 11253 | D:9      | Killed a two-headed ogre
 11253 | D:9      | Reached **** piety under Vehumet
 11258 | D:9      | Killed a two-headed ogre
 11457 | D:9      | Offered knowledge of Iskenderun's Battlesphere by Vehumet.
 11458 | D:9      | Reached XP level 11. HP: 50/62 MP: 27/27
 12242 | D:10     | Entered Level 10 of the Dungeon
 12254 | D:10     | Noticed an ogre mage
 12342 | D:10     | Noticed a cyan ugly thing
 12358 | D:10     | Killed a cyan ugly thing
 12457 | D:10     | Found Ligren's General Store.
 12459 | D:10     | Noticed a two-headed ogre
 12470 | D:10     | Killed a two-headed ogre
 12608 | D:10     | Bought a potion of lignification for 45 gold pieces
 12608 | D:10     | Gained mutation: Your magical capacity is low. (-10% MP)
                  | [potion of mutation]
 12608 | D:10     | Gained mutation: You are strong-willed. (Will+) [potion of
                  | mutation]
 12608 | D:10     | Gained mutation: Armour fits poorly on your strangely
                  | shaped body. [potion of mutation]
 12609 | D:10     | Lost mutation: Armour fits poorly on your strangely shaped
                  | body. [potion of mutation]
 12609 | D:10     | Lost mutation: You are strong-willed. (Will+) [potion of
                  | mutation]
 12609 | D:10     | Gained mutation: You expend magic power (3 MP) to
                  | strengthen your wands. [potion of mutation]
 12609 | D:10     | Gained mutation: Your skin changes colour to match your
                  | surroundings (Stealth+). [potion of mutation]
 12610 | D:10     | Lost mutation: You expend magic power (3 MP) to strengthen
                  | your wands. [potion of mutation]
 12610 | D:10     | Lost mutation: Your magical capacity is low. (-10% MP)
                  | [potion of mutation]
 12610 | D:10     | Lost mutation: Your skin changes colour to match your
                  | surroundings (Stealth+). [potion of mutation]
 12610 | D:10     | Gained mutation: You are robust. (+10% HP) [potion of
                  | mutation]
 12610 | D:10     | Gained mutation: You passively map a small area around you.
                  | [potion of mutation]
 13107 | D:10     | Found Niukhuinu's Jewellery Shop.
 13126 | D:10     | Noticed a two-headed ogre
 13138 | D:10     | Killed a two-headed ogre
 13195 | D:10     | Found Jyfeud's Armour Shoppe.
 13249 | D:10     | Identified the +1 leather armour of the Stone Wall {Fly rC+
                  | MP+9 Dex+4}
 13290 | D:10     | Identified the +1 pair of gloves "Focuol" {rF+ Dex+4}
 13357 | D:10     | Found a shimmering blue altar of Sif Muna.
 13490 | D:10     | Killed an ogre mage
 14384 | Lair:1   | Entered Level 1 of the Lair of Beasts
 14447 | D:10     | Bought the ring "Qifovve" {Ice rElec Int+7} for 537 gold
                  | pieces
 14786 | Lair:1   | Reached skill level 10 in Stealth
 15054 | Lair:1   | Noticed a six-headed hydra
 15065 | Lair:1   | Learned a level 5 spell: Iskenderun's Battlesphere
 15074 | Lair:1   | Killed a six-headed hydra
 15079 | Lair:1   | Reached XP level 12. HP: 83/83 MP: 28/28
 15224 | Lair:1   | Reached skill level 5 in Dodging
 15320 | Lair:1   | Noticed a dire elephant
 15320 | Lair:1   | Noticed a catoblepas
 15342 | Lair:1   | Found a runed translucent door.
 15788 | Lair:2   | Found a staircase to the Snake Pit.
 15835 | Lair:2   | Reached ***** piety under Vehumet
 15839 | Lair:2   | Offered knowledge of Conjure Ball Lightning by Vehumet.
 16315 | Lair:2   | Reached skill level 10 in Fighting
 16971 | Lair:3   | Found a staircase to the Swamp.
 17653 | Lair:4   | Found a staircase to the Slime Pits.
 17653 | Lair:4   | Found a viscous altar of Jiyva.
 18600 | Lair:5   | Entered Level 5 of the Lair of Beasts
 18725 | Lair:5   | Noticed an eight-headed hydra
 18733 | Lair:5   | Killed an eight-headed hydra
 18840 | Lair:5   | Reached XP level 13. HP: 58/93 MP: 17/29
 19683 | Lair:5   | Reached skill level 10 in Dodging
 19690 | Lair:5   | Identified the +1 ring mail "Wiphugur" {Rampage Will-
                  | Regen+}
 19732 | Lair:5   | Offered knowledge of Ozocubu's Refrigeration by Vehumet.
 19762 | Lair:5   | Reached skill level 11 in Spellcasting
 20468 | Lair:1   | Reached skill level 12 in Spellcasting
 20468 | Lair:1   | Reached skill level 10 in Translocations
 20507 | Lair:1   | Killed a dire elephant
 20895 | D:11     | Reached skill level 10 in Conjurations
 20895 | D:11     | Reached skill level 1 in Air Magic
 21331 | D:11     | Noticed Erica
 21557 | D:11     | Identified the +8 rapier "Belilesh" {antimagic, rElec rCorr
                  | Dex+8}
 21561 | D:11     | Killed Erica
 21838 | D:12     | Reached skill level 13 in Spellcasting
 22162 | D:12     | Slain by a very large slime creature

Illustrated notes

Levels and vault maps discovered:
D:1:      onia_arrival_mini_spirals, layout_basic
D:2:      layout_basic, uniq_robin, uniq_jessica
D:3:      layout_basic, minmay_cupped
D:4:      layout_loops_ring, grunt_temple_overflow_octagram
D:5:      layout_basic, minmay_temple_entry_poolview, ebering_ghost_inner_flame,
          minmay_fractal_squares_5
D:6:      layout_cave_pools, kennysheep_mini,
          nicolae_hepliaklqana_monster_ancestors, dreamdust_wishing_well,
          nicolae_shop_dragon_depot, uniq_crazy_yiuf_cottage
D:7:      layout_basic, mainiacjoe_overflow_alcove_4, serial_undead,
          serial_undead_a, serial_undead_c, serial_undead_f, serial_undead_d,
          kennysheep_generic_room_2, uniq_duvessa, uniq_maggie
D:8:      layout_loops_ring, minmay_lair_entry_grove
D:9:      layout_basic, lemuel_round_altar
D:10:     layout_layer_cave, led_sif_pool, serial_shops, nicolae_diamond_shop,
          nicolae_wooded_promenade, solitary_fountain, minmay_bent
D:11:     layout_gridville, ldierk_geyser, uniq_erica
D:12:     layout_roguey, orc_0_dummy, trove_entry_hex_spiral,
          chequers_serial_rivers_micro_e, kennysheep_generic_room_7
Lair:1:   gammafunk_lair_enchanted_lake, layout_hall_layers,
          dpeg_stationary_puzzle
Lair:2:   layout_small_grid, guppyfry_snake_entry_island, special_room
          [special_room_bee], grunt_megastairs_2
Lair:3:   layout_cave_pods, minmay_swamp_entry_worms, infiniplex_staircase_pool,
          lemuel_fruit_fields
Lair:4:   layout_roguey, slime_entry_1
Lair:5:   minmay_lair_end_enchanted_forest, layout_loops_ring

Skill      XL: |  1  2  3  4  5  6  7  8  9 10 11 12 13 |
---------------+----------------------------------------+-----
Spellcasting   | 4 5 6 7 9 10 13 | 13.1
Conjurations   | 5 6 7 8 9 10 | 10.4
Translocations | 1 2 4 6 7 9 10 | 10.0
Fighting       | 1 6 9 11 12 | 12.7
Stealth        | 7 10 | 10.0
Dodging        | 4 8 10 | 10.0
Air Magic      | 2 |  2.6

Action                   |  1- 3 |  4- 6 |  7- 9 | 10-12 | 13-15 || total
-------------------------+-------+-------+-------+-------+-------++-------
Melee: Dagger            |       |     1 |       |     1 |       ||     2
       Quarterstaff      |       |       |       |     1 |     1 ||     2
 Cast: Magic Dart        |    61 |   138 |   106 |   125 |   109 ||   539
       Searing Ray       |     1 |    16 |    70 |   120 |    31 ||   238
       Iskenderun's Myst |       |       |    17 |    56 |    28 ||   101
       Stone Arrow       |       |       |     4 |    33 |    30 ||    67
       Foxfire           |       |       |     1 |     4 |       ||     5
       Iskenderun's Batt |       |       |       |    28 |    38 ||    66
       Hailstorm         |       |       |       |     1 |       ||     1
  Use: Scroll            |     4 |     9 |     4 |     3 |     6 ||    26
       Potion            |       |     1 |     2 |     9 |    11 ||    23
Armor: Robe              |       |     5 |    20 |    13 |       ||    38
       Leather armour    |       |       |       |    12 |    14 ||    26
       Skin              |       |       |       |       |     6 ||     6
Dodge: Dodged            |     1 |    21 |    32 |    90 |    42 ||   186
